 Dungeon Crawl Stone Soup version 0.25.0-9-g26727b657a (webtiles) character file.

Game seed: 1020594953894634361

65 Burto the Firebug (level 4, 0/24 HPs)
             Began as a Tengu Fire Elementalist on June 20, 2020.
             Slain by a centaur skeleton (6 damage)
             ... on level 2 of the Dungeon.
             The game lasted 00:15:31 (1890 turns).

Burto the Firebug (Tengu Fire Elementalist)         Turns: 1890, Time: 00:15:31

Health: 0/24       AC:  2    Str:  8    XL:     4   Next: 14%
Magic:  4/9        EV: 13    Int: 16    God:
Gold:   86         SH:  0    Dex: 15    Spells: 7/8 levels left

rFire    x . .     SeeInvis .   e - +2 dagger (drain)
rCold    + . .     Gourm    .   (no shield)
rNeg     . . .     Faith    .   h - +0 robe
rPois    .         Spirit   .   (helmet restricted)
rElec    .         Reflect  .   (no cloak)
rCorr    .         Harm     .   (no gloves)
MR       .....                  (boots unavailable)
Stlth    ++........             (no amulet)
HPRegen  0.08/turn              i - ring of ice
MPRegen  0.11/turn              (no ring)

@: very slightly contaminated
A: beak, talons 3
a: no special abilities


You were on level 2 of the Dungeon.
You were not hungry.

You visited 1 branch of the dungeon, and saw 2 of its levels.

You collected 86 gold pieces.

Inventory:

Hand Weapons
 d - a +0 dagger
 e - a +2 dagger of draining (weapon)
Missiles
 f - 27 stones (quivered)
Armour
 a - a +0 robe
 h - a +0 robe (worn)
Jewellery
 i - a ring of ice (left hand)
Scrolls
 c - 2 scrolls of remove curse
 j - a scroll of amnesia
 k - a scroll of identify
Potions
 b - a potion of heal wounds {unknown}
Comestibles
 g - 3 chunks of flesh
 l - a ration


   Skills:
 + Level 2.5 Dodging
 + Level 2.0 Stealth
 + Level 2.8 Spellcasting
 + Level 1.7 Conjurations
 + Level 4.3 Fire Magic


You had 7 spell levels left.
You knew the following spells:

 Your Spells              Type           Power        Failure   Level  Hunger
a - Foxfire               Conj/Fire      ##..         5%          1    #......

Your spell library contained the following spells:

 Spells                   Type           Power        Failure   Level  Hunger
 Conjure Flame            Conj/Fire      ##......     16%         3    ###....
 Inner Flame              Hex/Fire       #.......     24%         3    ###....
 Sticky Flame             Conj/Fire      ##......     47%         4    #####..
 Fireball                 Conj/Fire      ##........   83%         5    ######.


Dungeon Overview and Level Annotations

Branches:
Dungeon (2/15)

Altars:


Innate Abilities, Weirdness & Mutations

You have a beak for a mouth.
You have claws for feet.


Message History

You miscast Foxfire.
Nothing appears to happen.
The centaur skeleton misses you.
Casting: Foxfire (safe; 5% risk of failure)
Confirm with . or Enter, or press ? or * to list all spells.
You conjure some foxfire!
The centaur skeleton hits you!
* * * LOW HITPOINT WARNING * * *
The centaur skeleton closely misses you.
You hit the centaur skeleton.
The centaur skeleton is heavily damaged.
The centaur skeleton barely misses you.
You hit the centaur skeleton.
You claw the centaur skeleton, but do no damage.
You peck the centaur skeleton, but do no damage.
The centaur skeleton is heavily damaged.
The centaur skeleton hits you.
* * * LOW HITPOINT WARNING * * *
Casting: Foxfire (safe; 5% risk of failure)
Confirm with . or Enter, or press ? or * to list all spells.
Nothing appears to happen.
The centaur skeleton hits you.
You die...

########.......#
#.......
#....)....######
#####..#
#.#######.# #..#
#.# #.# #..# #.#
#.# ##.# #.# #.#
#.#### #.# ###
#######....#
#v######.....
...........#
#v@Z.........
#######....#
########.....
#....# ...
#....# . #....#
#....# # ######
# #


You could see a centaur skeleton.

Vanquished Creatures
  An adder (D:2)
  An ooze (D:1)
  A worm (D:2)
  A dart slug (D:1)
  A leopard gecko (D:1)
  7 bats
  3 giant cockroaches
  6 goblins
  4 hobgoblins (D:1)
  A quokka (D:2)
  A ball python (D:1)
  4 frilled lizards
  9 kobolds (D:1)
  6 rats
46 creatures vanquished.

Vanquished Creatures (collateral kills)
  A goblin (D:1)
1 creature vanquished.

Vanquished Creatures (others)
  81 foxfires
81 creatures vanquished.

Grand Total: 128 creatures vanquished

Notes
Turn   | Place    | Note
-------+----------+-------------------------------------------
     0 | D:1      | Burto the Tengu Fire Elementalist began the quest for the
                  | Orb.
     0 | D:1      | Reached XP level 1. HP: 10/10 MP: 4/4
   361 | D:1      | Reached XP level 2. HP: 15/15 MP: 0/6
   571 | D:1      | Reached skill level 4 in Fire Magic
   576 | D:1      | Reached XP level 3. HP: 15/19 MP: 0/7
  1669 | D:2      | Reached XP level 4. HP: 24/24 MP: 4/9
  1890 | D:2      | Slain by a centaur skeleton

Illustrated notes

Levels and vault maps discovered:
D:1:      wander_arrival_desolate, layout_loops_ring
D:2:      layout_basic

Skill      XL: |  1  2 |
---------------+-------+-----
Fire Magic     | 4 |  4.3
Dodging        | |  2.5
Stealth        | |  2.0
Spellcasting   | |  2.8
Conjurations   | |  1.7

Action                   |  1- 3 |  4- 6 || total
-------------------------+-------+-------++-------
Melee: Unarmed           |     3 |       ||     3
       Peck              |     3 |     2 ||     5
       Dagger            |    26 |    11 ||    37
       Kick              |     5 |     3 ||     8
 Cast: Foxfire           |    58 |    12 ||    70
  Use: Scroll            |     3 |       ||     3
  Eat: Ration            |     1 |       ||     1
Armor: Robe              |     8 |     4 ||    12
Dodge: Dodged            |    30 |    13 ||    43
